Map: World of Sleepers LE

Players

TLO

  • Race: Zerg Zerg
  • Spawn Location: 7:00

Namshar - Winner!

  • Race: Zerg Zerg
  • Spawn Location: 1:00

VOD

Have the link to the VOD?

Description

Time

  • Played on: Sept. 6, 2019, 3:44 p.m.
  • Length: 9:55
Show
View Real Time Build Order
Export as new Build Order

TLO Zerg 

Build Orders: Hatch First 

Get SALT Encoding   

  12  0:00  Drone  
  13  0:12  Overlord  
  13  0:16  Drone  
  14  0:30  Drone  
  14  0:31  Drone  
  16  0:47  Hatchery  
  15  0:51  Drone  
  15  0:54  Drone  
  17  0:58  Drone  
  18  1:11  Spawning Pool  
  18  1:13  Extractor  
  18  1:16  Drone  
  17  1:19  Drone  
  18  1:27  Drone  
  19  1:38  Drone  
  20  1:49  Overlord  
  20  1:59  Queen  
  20  2:00  Drone, Queen  
  20  2:01  Drone  
  26  2:11  Drone x2  
  26  2:12  Metabolic Boost  
  28  2:21  Drone  
  28  2:22  Drone  
  30  2:33  Hatchery  
  30  2:36  Zergling x2  
  30  2:40  Drone  
  30  2:44  Overlord  
  31  2:47  Drone  
  32  2:53  Baneling Nest  
  32  2:55  Drone x2  
  33  3:03  Queen  
  33  3:05  Zergling x2  
  36  3:07  Drone  
  36  3:09  Drone  
  36  3:12  Drone  
  39  3:14  Drone  
  39  3:19  Evolution Chamber  
  39  3:20  Zergling x2  
  39  3:25  Overlord  
  39  3:26  Zergling x2  
  41  3:29  Drone  
  41  3:31  Extractor  
  41  3:32  Drone  
  41  3:34  Zergling x2  
  43  3:36  Baneling x2  
  43  3:37  Zergling x2  
  43  3:42  Zergling x2  
  43  3:43  Zergling x2  
  43  3:46  Zergling x4  
  47  3:50  Drone  
  47  3:52  Drone  
  46  3:56  Drone x2  
  46  3:59  Zergling x2, Zerg Missile Weapons Level 1  
  49  4:02  Queen  
  51  4:13  Drone  
  51  4:16  Zergling x4  
  47  4:18  Zergling x2  
  47  4:20  Drone  
  47  4:21  Drone  
  47  4:23  Zergling x2  
  50  4:27  Drone  
  50  4:28  Zergling x4  
  50  4:29  Drone  
  50  4:30  Zergling x2  
  50  4:31  Zergling x2  
  53  4:33  Zergling x2  
  53  4:34  Queen  
  53  4:41  Zergling x4, Roach Warren  
  53  4:45  Zergling x2  
  54  4:51  Extractor  
  52  4:54  Queen  
  52  4:55  Overlord  
  54  5:00  Baneling x2  
  54  5:01  Baneling x2  
  54  5:03  Overlord  
  54  5:04  Zergling x2  
  53  5:07  Overlord  
  53  5:11  Baneling  
  53  5:13  Overlord  
  52  5:20  Roach  
  52  5:22  Roach  
  52  5:23  Roach  
  52  5:24  Roach x2  
  52  5:28  Roach  
  57  5:29  Roach  
  57  5:30  Baneling  
  58  5:36  Roach  
  58  5:37  Roach  
  58  5:38  Roach  
  58  5:41  Roach  
  64  5:43  Roach  
  64  5:45  Zergling x2  
  64  5:49  Roach  
  68  5:51  Roach  
  68  5:53  Roach  
  72  5:58  Zergling x4  
  72  5:59  Ravager x2  
  72  6:01  Ravager  
  72  6:03  Zergling x2  
  78  6:07  Zergling x4  
  78  6:08  Zergling x2  
  81  6:13  Roach  
  81  6:14  Zergling x2  
  81  6:16  Roach  
  86  6:19  Roach  
  86  6:21  Baneling  
  86  6:25  Overlord  
  88  6:29  Roach  
  88  6:30  Roach  
  89  6:33  Baneling x2  
  89  6:34  Zergling x2  
  89  6:37  Overlord  
  88  6:43  Roach  
  88  6:44  Ravager  
  88  6:45  Roach  
  86  6:51  Roach  
  86  6:52  Roach x2  
  86  6:53  Roach  
  89  6:56  Roach  
  89  6:58  Zergling x2  
  89  7:07  Roach x2  
  89  7:08  Roach  
  86  7:10  Roach  
  86  7:12  Roach  
  86  7:14  Zergling x2  
  85  7:16  Roach  
  85  7:19  Roach  
  85  7:21  Zergling x2  
  88  7:23  Zergling x2  
  88  7:28  Zergling x2  
  90  7:32  Ravager  
  90  7:33  Roach  
  90  7:34  Zergling x2, Roach  
  90  7:35  Zergling x2  
  85  7:45  Roach x2  
  85  7:46  Roach x2  
  85  7:48  Zergling x2  
  90  7:52  Roach  
  90  7:55  Roach  
  89  7:59  Roach  
  89  8:02  Zergling x2  
  89  8:04  Zergling x2, Ravager  
  89  8:08  Roach  
  89  8:11  Roach  
  86  8:13  Roach  
  86  8:16  Roach  
  85  8:24  Ravager  
  85  8:26  Roach  
  88  8:31  Roach  
  90  8:35  Roach  
  90  8:37  Zergling x2  
  90  8:40  Roach x2  
  97  8:42  Roach  
  97  8:46  Roach  
  101  8:49  Roach  
  101  8:51  Roach  
  105  8:57  Overlord  
  105  8:58  Overlord  
  105  9:05  Overlord  
  105  9:12  Overlord x2  
  105  9:13  Overlord  
  105  9:16  Ravager  
  106  9:17  Ravager  
  106  9:19  Roach  
  106  9:21  Roach  
  111  9:24  Roach  
  111  9:27  Roach  
  111  9:31  Roach  
  116  9:32  Roach  
Show
View Real Time Build Order
Export as new Build Order

Namshar Zerg - Winner!

Build Orders: Hatch First 

Get SALT Encoding   

  12  0:00  Drone  
  13  0:12  Overlord  
  13  0:17  Drone  
  14  0:30  Drone x2  
  16  0:48  Hatchery  
  15  0:51  Drone  
  15  0:55  Drone  
  17  0:58  Drone  
  18  1:09  Extractor  
  17  1:13  Spawning Pool  
  17  1:16  Drone  
  17  1:19  Drone  
  18  1:28  Drone  
  19  1:38  Drone  
  20  1:49  Drone  
  21  1:59  Queen  
  21  2:00  Drone  
  21  2:01  Queen  
  26  2:05  Overlord  
  26  2:09  Metabolic Boost  
  26  2:10  Drone  
  26  2:11  Drone  
  28  2:23  Drone x2  
  30  2:32  Drone x2  
  30  2:36  Hatchery  
  31  2:43  Overlord, Drone  
  32  2:54  Drone  
  32  2:56  Drone  
  36  3:06  Overlord  
  36  3:09  Zergling x14  
  41  3:14  Baneling Nest  
  41  3:17  Queen  
  42  3:21  Overlord  
  42  3:25  Evolution Chamber  
  41  3:27  Zergling x2  
  42  3:35  Overlord  
  42  3:36  Drone  
  42  3:40  Drone  
  42  3:41  Drone x3  
  47  3:45  Drone x2  
  49  3:50  Zergling x4  
  49  3:51  Zergling x2  
  49  3:54  Drone  
  52  3:57  Drone  
  52  3:59  Baneling x2  
  53  4:06  Zergling x2  
  54  4:12  Baneling x2  
  51  4:29  Zergling x30  
  64  4:33  Zerg Missile Weapons Level 1  
  64  4:38  Drone x2  
  64  4:45  Drone x2  
  66  4:49  Baneling x2  
  65  4:52  Overlord  
  65  4:53  Overlord  
  65  4:54  Extractor  
  65  4:55  Extractor  
  65  4:57  Roach Warren  
  61  5:11  Baneling x2  
  60  5:14  Drone x11  
  71  5:27  Zergling x4  
  65  5:31  Baneling x2  
  65  5:33  Drone x3  
  65  5:34  Drone  
  68  5:48  Roach x6  
  76  5:54  Drone x4  
  76  5:55  Drone  
  76  5:56  Roach x2  
  85  6:00  Spine Crawler x2  
  85  6:02  Spine Crawler  
  82  6:07  Roach x3  
  82  6:10  Roach, Extractor x2  
  88  6:11  Overlord  
  88  6:13  Baneling x3  
  88  6:28  Roach  
  88  6:32  Roach x4  
  95  6:37  Roach  
  90  6:41  Zergling x2, Roach  
  90  6:42  Zergling x10  
  90  6:46  Roach x3  
  97  6:50  Zergling x2, Roach  
  98  6:55  Queen  
  98  6:56  Queen  
  96  7:02  Overlord, Roach  
  96  7:03  Overlord x2  
  88  7:13  Roach x5  
  89  7:20  Roach x5  
  97  7:24  Roach  
  97  7:25  Roach x3  
  103  7:30  Lair  
  103  7:33  Roach  
  103  7:34  Roach x3  
  103  7:35  Zergling x2  
  108  7:41  Roach  
  102  7:45  Roach x3  
  102  7:50  Zerg Ground Armor Level 1  
  104  7:52  Roach  
  104  7:56  Zergling x6, Roach x3  
  108  8:01  Roach  
  108  8:02  Roach  
  106  8:07  Ravager  
  106  8:12  Ravager  
  103  8:13  Ravager  
  103  8:14  Roach x4  
  103  8:17  Drone x2  
  110  8:21  Ravager  
  110  8:25  Drone x9  
  120  8:28  Extractor  
  120  8:29  Glial Reconstitution  
  120  8:32  Evolution Chamber  
  118  8:36  Pneumatized Carapace  
  118  8:45  Overlord  
  118  8:53  Hatchery  
  118  8:54  Overlord x3  
  117  9:02  Overlord x2  
  117  9:12  Roach  
  117  9:13  Roach x5  
  129  9:19  Ravager  
  129  9:20  Ravager, Roach  
  129  9:21  Roach x2  
  137  9:28  Roach x4  
  137  9:29  Ravager x2  
Tags
 
Add a new tag
Caveats
  • Supply blocks, unpowered buildings, or Contaminate may cause inaccurate times.
  • Supply counts are checked every 10 seconds.